 Dungeon Crawl Stone Soup version 0.21.1-1-g345015f (webtiles) character file.

142 xccam the Slasher (level 5, -8/41 HPs)
             Began as a Formicid Fighter on Mar 26, 2018.
             Mangled by an ogre
             ... wielding a +0 giant club
              (11 damage)
             ... on level 4 of the Dungeon.
             The game lasted 00:04:42 (2492 turns).

xccam the Slasher (Formicid Fighter)                Turns: 2492, Time: 00:04:43

Health: -8/41      AC:  8    Str: 26    XL:     5   Next: 50%
Magic:  5/5        EV:  8    Int:  8    God:
Gold:   175        SH: 10    Dex: 10    Spells: 4/4 levels left

rFire    + . .     SeeInvis +   a - +0 long sword
rCold    . . .     Gourm    .   c - +0 shield
rNeg     . . .     Faith    .   m - +3 ring mail {rF+}
rPois    .         Spirit   .   (helmet unavailable)
rElec    .         Reflect  .   (no cloak)
rCorr    .         Harm     .   (no gloves)
MR       .....                  (no boots)
Stlth    ..........             (no amulet)
HPRegen  0.13/turn              (no ring)
MPRegen  0.09/turn              (no ring)

@: mighty
A: permanent stasis, dig shafts and tunnels, four strong arms, antennae 3
a: Dig, Shaft Self


You were on level 4 of the Dungeon.
You were not hungry.

You visited 1 branch of the dungeon, and saw 4 of its levels.

You collected 175 gold pieces.

Inventory:

Hand Weapons
 a - a +0 long sword (weapon)
Armour
 b - a +0 scale mail
 c - a +0 shield (worn)
 m - a +3 ring mail of fire resistance (worn)
Jewellery
 l - an uncursed ring of fire
Scrolls
 e - a scroll of enchant weapon {unknown}
 g - 3 scrolls of identify
 h - a scroll of fog
 i - a scroll of immolation {unknown}
 j - a scroll of amnesia
 k - a scroll of enchant armour
 o - a scroll of remove curse
 q - a scroll of random uselessness {unknown}
 s - a scroll of magic mapping {unknown}
 t - a scroll of teleportation {unknown}
 u - a scroll of fear {unknown}
Potions
 d - a potion of might
 n - a potion of curing
 p - a potion of mutation
 r - a potion of flight
 v - 2 potions of invisibility
Comestibles
 f - 3 rations


   Skills:
 - Level 3.2 Fighting
 + Level 5.3 Long Blades
 - Level 3.2 Armour
 - Level 3.6 Shields


You had 4 spell levels left.
You didn't know any spells.

Dungeon Overview and Level Annotations

Branches:
Dungeon (4/15)
 Temple: D:4-7

Altars:


Innate Abilities, Weirdness & Mutations

You cannot be hasted, slowed, berserked, paralysed or teleported.
You can dig through walls and to a lower floor.
Your four strong arms can wield two-handed weapons with a shield.
You have a pair of large antennae on your head. (SInv)


Message History

An orc comes into view. It is wielding a flail.
You hit the orc.
The orc is heavily wounded.
The orc hits you.
You slash the orc!
You kill the orc!
You slash the ogre!
The ogre is moderately wounded.
The ogre hits you with a giant club!!
Ouch! That really hurt!
You are too injured to fight recklessly!
You are too injured to fight recklessly!
You feel very mighty all of a sudden. The ogre hits you with a giant club!
* * * LOW HITPOINT WARNING * * *
Okay, then.
You barely miss the ogre.
The ogre is moderately wounded.
The ogre hits you with a giant club!
You die...

..........#
###.......##### .
##..........# ..
#...........## ...
#............. ....
#####..........### .....
{......>..........
.....o#####...[......###
.....oO@(..............
......##.####......#####
..... {#... #####....
.... .##... ....^ ... #.
..... ..... ## ## ..%.
.... ..$. ...


You could see an ogre and 2 orcs.

Vanquished Creatures
  A jelly (D:3)
  An orc priest (D:3)
  3 adders
  3 worms
  A dart slug (D:1)
  3 leopard geckos (D:1)
  3 orcs
  5 bats
  2 giant cockroaches
  3 goblins
  3 hobgoblins
  4 kobolds
  10 frilled lizards
  7 rats
49 creatures vanquished.

Notes
Turn   | Place    | Note
-------+----------+-------------------------------------------
     0 | D:1      | xccam the Formicid Fighter began the quest for the Orb.
     0 | D:1      | Reached XP level 1. HP: 18/18 MP: 1/1
   105 | D:1      | Reached XP level 2. HP: 20/24 MP: 2/2
   196 | D:1      | Reached skill level 3 in Long Blades
   397 | D:1      | Reached XP level 3. HP: 27/29 MP: 3/3
  1447 | D:3      | Reached skill level 4 in Long Blades
  1447 | D:3      | Reached XP level 4. HP: 29/35 MP: 4/4
  1975 | D:3      | Reached XP level 5. HP: 41/41 MP: 5/5
  2089 | D:3      | Reached skill level 5 in Long Blades
  2485 | D:4      | Noticed an ogre
  2492 | D:4      | Mangled by an ogre

Skill      XL: |  1  2  3  4  5 |
---------------+----------------+-----
Long Blades    | 3 4 5 |  5.3
Fighting       | |  3.2
Armour         | |  3.2
Shields        | |  3.6

Action                   |  1- 3 |  4- 6 || total
-------------------------+-------+-------++-------
Melee: Long sword        |    72 |    85 ||   157
  Use: Scroll            |       |     8 ||     8
       Potion            |       |     1 ||     1
  Eat: Chunk             |       |     5 ||     5
Armor: Scale mail        |    19 |       ||    19
       Ring mail         |     9 |    28 ||    37
Dodge: Dodged            |    18 |    22 ||    40
Block: Shield            |    37 |    37 ||    74
       Rpst.: Long sword |     6 |     6 ||    12
